 Dungeon Crawl Stone Soup version 0.17-a0-896-g249456b (webtiles) character file.

27226 digdugdiggy the Thaumaturge (level 13, -1/76 HPs)
             Began as a Deep Elf Conjurer on May 1, 2015.
             Was a High Priest of Vehumet.
             Killed from afar by a manticore (15 damage)
             ... with a volley of spikes
             ... summoned by Kirke
             ... on level 5 of the Lair of Beasts on May 2, 2015.
             The game lasted 01:24:59 (22892 turns).

digdugdiggy the Thaumaturge (Deep Elf Conjurer)    Turns: 22892, Time: 01:24:59

Health: -1/76      AC:  7    Str:  5    XL:     13   Next: 3%
Magic:  1/42       EV: 17    Int: 36    God:    Vehumet [*****.]
Gold:   514        SH:  8    Dex: 15    Spells: 11 memorised, 3 levels left

rFire  + . .     SeeInvis +     r - +1 flail "Gaulydao" {pain, rF+ rN+ SInv}
rCold  + . .     Clarity  .     E - +1 robe of Wotomp {rC+ Int+4}
rNeg   + . .     SustAb   .     V - +0 shield of the Spider Nest {+Blink MP+9 Str-3 Int+6}
rPois  +         Gourm    +     J - +0 helmet
rElec  .         Spirit   .     N - +0 cloak
rCorr  .         Warding  .     H - +0 pair of gloves (curse)
rMut   .         Stasis   .     w - +0 pair of boots
MR     +....                    e - amulet of the gourmand
Stlth  ++........               m - +3 ring of strength
                                I - ring of poison resistance

@: manticore barbs, somewhat resistant to hostile enchantments, unstealthy
A: no striking features
a: Renounce Religion, Evoke Blink


You were on level 5 of the Lair of Beasts.
You worshipped Vehumet.
Vehumet was extremely pleased with you.
You were completely stuffed.

You visited 2 branches of the dungeon, and saw 16 of its levels.
You also visited: Ossuary.

You collected 929 gold pieces.
You spent 415 gold pieces at shops.

Inventory:

Hand weapons
 i - a +1 flail of protection
 r - the +1 flail "Gaulydao" (weapon) {pain, rF+ rN+ SInv}
   (You found it on level 2 of the Lair of Beasts)

   In the hands of one skilled in necromantic magic, it inflicts extra damage on
   living creatures.
   It protects you from fire.
   It protects you from negative energy.
   It enhances your eyesight.
 z - a +0 blowgun
Missiles
 A - 69 poisoned needles
Armour
 w - a +0 pair of boots (worn)
 E - the +1 robe of Wotomp (worn) {rC+ Int+4}
   (You bought it in a shop on level 4 of the Dungeon)

   It affects your intelligence (+4).
   It protects you from cold.
 H - a cursed +0 pair of gloves (worn)
 J - a +0 helmet (worn)
 N - a +0 cloak (worn)
 V - the +0 shield of the Spider Nest (worn) {+Blink MP+9 Str-3 Int+6}
   (You found it on level 11 of the Dungeon)

   It affects your strength (-3).
   It affects your intelligence (+6).
   It affects your magic capacity (+9).
   It lets you blink.
Jewellery
 e - an amulet of the gourmand (around neck)
 m - a +3 ring of strength (right hand)
 q - a +3 ring of evasion
 I - a ring of poison resistance (left hand)
 K - an uncursed amulet of clarity
Magical devices
 h - a wand of fire (6)
 s - a wand of magic darts (33)
 y - a wand of fire (7)
 F - a wand of digging (14)
 L - a wand of lightning (3)
 O - a wand of heal wounds (6)
 P - a wand of slowing (22)
 Z - a wand of slowing (25)
Scrolls
 a - 3 scrolls of remove curse
 g - 5 scrolls of identify
 j - a scroll of fog
 o - a scroll of fear
 p - 5 scrolls of teleportation
 t - 2 scrolls of blinking
 x - a scroll of enchant weapon
Potions
 b - 2 potions of might
 d - 4 potions of agility
 k - 4 potions of heal wounds
 l - 2 potions of brilliance
 n - 5 potions of curing
 u - 3 potions of mutation
 B - 2 potions of flight
 X - 2 potions of cancellation
Books
 G - a book of Fire

   Spells                             Type                      Level
   a - Ignite Poison                  Fire/Transmutation/Poison    3
   b - Fireball                       Conjuration/Fire             5
   c - Bolt of Fire                   Conjuration/Fire             6
   d - Delayed Fireball               Conjuration/Fire             7
   e - Ring of Flames                 Charms/Fire                  7
Comestibles
 c - 7 bread rations
 f - 4 slices of pizza
 v - 9 meat rations
 C - 21 fruits
 D - a chunk of flesh
 R - 16 royal jellies
 U - a beef jerky


   Skills:
 + Level 7.3 Fighting
   Level 2.0 Short Blades
 - Level 11.0 Dodging
 - Level 2.4 Stealth
 - Level 4.4 Shields
 - Level 14.0 Spellcasting
 - Level 11.1 Conjurations
 - Level 5.0 Hexes
 - Level 9.2 Charms
 - Level 6.9 Fire Magic


You had 3 spell levels left.
You knew the following spells:

 Your Spells              Type           Power        Failure   Level  Hunger
a - Magic Dart            Conj           ####         1%          1    None
b - Iskenderun's Mystic   Conj           #######.     1%          4    None
c - Fulminant Prism       Conj/Hex       ######....   1%          4    None
d - Iskenderun's Battles  Conj/Chrm      #######.     1%          5    None
e - Searing Ray           Conj           ######       1%          2    None
f - Flame Tongue          Conj/Fire      #####        1%          1    None
g - Conjure Flame         Conj/Fire      ######..     1%          3    None
h - Inner Flame           Hex/Fire       ######..     1%          3    None
i - Abjuration            Summ           ####......   17%         3    None
j - Bolt of Magma         Conj/Fire/Erth ######....   4%          5    None
k - Bolt of Fire          Conj/Fire      ######....   7%          6    ##.....


Dungeon Overview and Level Annotations

Branches:
Dungeon (11/15)            Temple (0/1) D:5            Lair (5/8) D:11
 Spider (0/4) Lair:4          Orc (0/4) D:10
  Swamp: Lair:3-6    Shoals: Lair:3-6

Altars:
Ashenzari
Dithmenos
Elyvilon
Gozag
Kikubaaqudgha
Makhleb
Qazlal
Ru
Sif Muna
Vehumet
Zin
The Shining One

Shops:
D:4 [   D:7 %   D:9 *   D:11 %

Annotations:
Lair:5 Kirke


Message History

You resist with significant effort.
The sphinx mumbles some strange words.
You suddenly lose the ability to move!
The sphinx hits you!! The sphinx hits you. The sphinx hits you.
You can move again.
Casting: Iskenderun's Mystic Blast
Confirm with . or Enter, or press ? or * to list all spells.
Aiming: Fulminant Prism
Press: ? - help, Dir - move target cursor, p - Kirke You conjure a prism of explosive energy!
The manticore flicks its tail.
The volley of spikes hits you!
The barbed spikes become lodged in your body.
The sphinx completely misses you. The sphinx hits you but does no damage.
The sphinx hits you!
* * * LOW HITPOINT WARNING * * *
The manticore flicks its tail.
The volley of spikes misses Kirke.
The volley of spikes hits you!
The barbed spikes become lodged in your body.
You die...

##†## #P..#
#..## #.÷## #
####HP#
.#.###.##.*#
.......P#@H##
........#.H.#
.P.#P...}#@.##
#.....<..##
...##....#.#
#.....##
#.....#.
#......#.
##....# ##
#....# P....#


You could see Kirke (invisible), a sphinx, 2 manticores and a friendly fulminant
prism.

Vanquished Creatures
  2 hydras
  A catoblepas (Lair:4)
  A tengu warrior (D:9)
  The ghost of sugabear the Shield-Bearer, an experienced GrFi of Qazlal (D:8)
  2 hill giants
  An orb spider (Lair:4)
  A black mamba (Lair:3)
  The ghost of shadowflick the Ruffian, an experienced TrBe of Trog (D:7)
  7 spiny frogs
  6 komodo dragons
  2 trolls
  A queen bee (D:10)
  A polar bear (Lair:2)
  3 blink frogs (Lair:3)
  A trapdoor spider (D:11)
  5 hogs (Lair:5)
  4 hippogriffs
  A hungry ghost (D:8)
  2 wyverns
  Menkaure (D:7)
  29 yaks
  8 water moccasins
  8 wolves
  A mottled dragon (D:9)
  8 porcupines
  A sky beast (D:8)
  3 ice beasts
  3 orc warriors
  4 phantoms
  11 ogres
  A black bear (D:10)
  7 centaurs
  4 necrophages
  4 crocodiles
  14 giant frogs
  4 big kobolds
  A gnoll sergeant (D:8)
  31 killer bees
  A wyvern skeleton (D:10)
  2 scorpions
  An electric eel (Lair:2)
  4 crimson imps
  A giant frog zombie (D:5)
  5 hounds
  A jelly (D:11)
  3 orc priests
  A giant frog skeleton (D:6)
  Jessica (D:3)
  2 centaur skeletons
  4 iguanas
  10 orc wizards
  5 worker ants
  A statue (D:4)
  14 adders
  6 gnolls
  3 shadow imps
  29 river rats
  6 fulminant prisms
  An ooze (D:3)
  2 adder skeletons
  An adder zombie (Ossuary)
  2 worms
  6 giant geckos
  21 orcs
  A bat skeleton (D:7)
  3 bat zombies
  5 giant cockroaches
  11 goblins
  17 hobgoblins
  22 jackals
  41 kobolds
  3 quokkas
  18 bats
  A giant gecko skeleton (D:4)
  3 giant spores
  A hobgoblin zombie (Ossuary)
  A quokka zombie (D:5)
  15 rats
  8 ballistomycetes
  2 plants
471 creatures vanquished.

Vanquished Creatures (others)
  A giant frog zombie (D:10)
  A gnoll shaman (D:5)
  2 gnolls (D:5)
  33 fulminant prisms
  14 plants
51 creatures vanquished.

Grand Total: 522 creatures vanquished

Notes
Turn   | Place    | Note
--------------------------------------------------------------
     0 | D:1      | digdugdiggy, the Deep Elf Conjurer, began the quest for the Orb.
     0 | D:1      | Reached XP level 1. HP: 10/10 MP: 6/6
   452 | D:1      | Reached XP level 2. HP: 15/15 MP: 1/8
   601 | D:1      | Reached skill level 5 in Conjurations
   810 | D:1      | Learned a level 2 spell: Searing Ray
  1164 | D:1      | Reached XP level 3. HP: 7/19 MP: 1/10
  2061 | D:2      | Reached XP level 4. HP: 24/24 MP: 6/12
  2420 | D:2      | Learned a level 4 spell: Fulminant Prism
  2453 | D:3      | Reached skill level 1 in Short Blades
  2650 | D:3      | Found a shadowy altar of Dithmenos.
  2654 | D:3      | Reached skill level 6 in Conjurations
  3004 | D:3      | Reached XP level 5. HP: 28/28 MP: 8/13
  3241 | D:3      | Noticed Jessica
  3246 | D:3      | Killed Jessica
  3294 | D:3      | Found a sacrificial altar of Ru.
  3525 | D:3      | Learned a level 5 spell: Iskenderun's Battlesphere
  3730 | D:4      | Reached skill level 1 in Hexes
  3887 | D:4      | Found a sand-covered staircase.
  3896 | Ossuary  | Entered an ossuary
  3896 | Ossuary  | Noticed Zandarious's ghost (experienced DsAK)
  3899 | Ossuary  | Reached XP level 6. HP: 27/32 MP: 1/14
  4098 | D:4      | Reached skill level 7 in Conjurations
  4260 | D:4      | Found a radiant altar of Vehumet.
  4294 | D:4      | Became a worshipper of Vehumet
  4448 | D:4      | Found a deep blue altar of Sif Muna.
  4824 | D:4      | Found Gearoygu's Armour Shoppe.
  4934 | D:5      | Entered Level 5 of the Dungeon
  4940 | D:5      | Got a shimmering ring mail
  4941 | D:5      | Identified the +4 ring mail "Werhek" {Contam rN+ MR+++ Regen+} (You found it on level 5 of the Dungeon)
  5277 | D:5      | Reached skill level 5 in Spellcasting
  5277 | D:5      | Reached XP level 7. HP: 23/37 MP: 3/16
  5397 | D:5      | Learned a level 4 spell: Iskenderun's Mystic Blast
  5625 | D:5      | Reached skill level 1 in Fighting
  5998 | D:5      | Found a staircase to the Ecumenical Temple.
  6005 | D:5      | Acquired Vehumet's first power
  6005 | D:5      | Offered knowledge of Sting by Vehumet.
  6138 | D:5      | Reached skill level 5 in Hexes
  6559 | D:5      | Reached skill level 1 in Charms
  6638 | D:5      | Reached XP level 8. HP: 18/44 MP: 4/19
  6887 | D:6      | Found a shattered altar of Ashenzari.
  6897 | D:6      | Found an ancient bone altar of Kikubaaqudgha.
  6918 | D:6      | Reached skill level 8 in Conjurations
  8056 | D:6      | Reached skill level 5 in Charms
  8220 | D:6      | Found a white marble altar of Elyvilon.
  8220 | D:6      | Found a glowing silver altar of Zin.
  8221 | D:6      | Found a glowing golden altar of the Shining One.
  8847 | D:7      | Noticed Menkaure
  8977 | D:7      | Killed Menkaure
  8977 | D:7      | Reached skill level 9 in Conjurations
  9120 | D:7      | Found a shattered altar of Ashenzari.
  9304 | D:7      | Noticed shadowflick's ghost (experienced TrBe)
  9312 | D:7      | Killed shadowflick's ghost
  9312 | D:7      | Offered knowledge of Flame Tongue by Vehumet.
  9312 | D:7      | Reached XP level 9. HP: 50/50 MP: 8/20
  9316 | D:7      | Learned a level 1 spell: Flame Tongue
  9381 | D:7      | Noticed a troll
  9388 | D:7      | Killed a troll
  9500 | D:7      | Found Ackimic's Food Shoppe.
 10093 | D:8      | Reached skill level 1 in Fire Magic
 10246 | D:8      | Found a burning altar of Makhleb.
 10294 | D:8      | Found an opulent altar of Gozag.
 10469 | D:4      | Bought the +1 robe of Wotomp {rC+ Int+4} for 365 gold pieces
 10569 | D:8      | Reached skill level 10 in Conjurations
 10610 | D:8      | Noticed sugabear's ghost (experienced GrFi)
 10618 | D:8      | Killed sugabear's ghost
 11191 | D:8      | Found a stormy altar of Qazlal.
 11291 | D:8      | Found a stormy altar of Qazlal.
 11347 | D:8      | Offered knowledge of Conjure Flame by Vehumet.
 11405 | D:8      | Learned a level 3 spell: Conjure Flame
 11507 | D:9      | Reached XP level 10. HP: 56/56 MP: 10/24
 11750 | D:9      | Found Teiwif's Assorted Antiques.
 11762 | D:9      | Bought a scroll labeled MAMINNU QAUSTI for 25 gold pieces
 11762 | D:9      | Bought a scroll labeled DUVVUA LIODDAY for 25 gold pieces
 11881 | D:9      | Acquired Vehumet's second power
 12241 | D:9      | Noticed a tengu warrior
 12247 | D:9      | Killed a tengu warrior
 12609 | D:10     | Entered Level 10 of the Dungeon
 12620 | D:10     | Reached skill level 5 in Dodging
 12788 | D:10     | Noticed a hill giant
 12800 | D:10     | Killed a hill giant
 12962 | D:10     | Reached skill level 5 in Fire Magic
 12983 | D:10     | Offered knowledge of Inner Flame by Vehumet.
 12983 | D:10     | Reached skill level 5 in Fighting
 13421 | D:10     | Reached skill level 10 in Spellcasting
 13477 | D:10     | Found a staircase to the Orcish Mines.
 13563 | D:10     | Reached XP level 11. HP: 34/64 MP: 14/27
 14038 | D:7      | Acquired Vehumet's third power
 14050 | D:7      | Learned a level 3 spell: Inner Flame
 14324 | D:10     | Learned a level 3 spell: Abjuration
 14374 | D:10     | Offered knowledge of Bolt of Magma by Vehumet.
 15203 | D:10     | Learned a level 5 spell: Bolt of Magma
 15253 | D:10     | Reached skill level 11 in Spellcasting
 16057 | D:11     | Found Suagy's Food Shoppe.
 16169 | D:11     | Got a crude shield
 16179 | D:11     | Identified the +0 shield of the Spider Nest {+Blink MP+9 Str-3 Int+6} (You found it on level 11 of the Dungeon)
 16659 | D:11     | Reached skill level 12 in Spellcasting
 16668 | D:11     | Offered knowledge of Bolt of Fire by Vehumet.
 17016 | D:11     | Noticed a hill giant
 17022 | D:11     | Killed a hill giant
 17022 | D:11     | Reached skill level 1 in Shields
 17414 | D:11     | Found a staircase to the Lair.
 17735 | Lair:1   | Entered Level 1 of the Lair of Beasts
 18092 | Lair:1   | Reached skill level 13 in Spellcasting
 18812 | Lair:2   | Reached XP level 12. HP: 68/68 MP: 26/31
 18820 | Lair:2   | Learned a level 6 spell: Bolt of Fire
 18930 | Lair:2   | Reached skill level 14 in Spellcasting
 19832 | Lair:2   | Got an iridescent flail
 19833 | Lair:2   | Identified the +1 flail "Gaulydao" {pain, rF+ rN+ SInv} (You found it on level 2 of the Lair of Beasts)
 19890 | Lair:3   | Noticed a five-headed hydra
 19894 | Lair:3   | Killed a five-headed hydra
 19901 | Lair:3   | Offered knowledge of Bolt of Draining by Vehumet.
 20687 | Lair:3   | Found a shadowy altar of Dithmenos.
 21165 | Lair:4   | Noticed a catoblepas
 21169 | Lair:4   | Reached skill level 10 in Dodging
 21691 | Lair:4   | Killed a catoblepas
 22252 | Lair:4   | Found a hole to the Spider Nest.
 22553 | Lair:4   | Noticed a four-headed hydra
 22560 | Lair:4   | Killed a four-headed hydra
 22846 | Lair:5   | Reached XP level 13. HP: 76/76 MP: 33/33
 22867 | Lair:5   | Noticed Kirke
 22871 | Lair:5   | Noticed a sphinx
 22886 | Lair:5   | Paralysed by a sphinx for 5 turns
 22892 | Lair:5   | Killed from afar by a manticore

Action                   |  1- 3 |  4- 6 |  7- 9 | 10-12 | 13-15 || total
-------------------------+-------+-------+-------+-------+-------++-------
Melee: Unarmed           |     4 |       |       |       |       ||     4
       Dagger            |     6 |     6 |    19 |    35 |       ||    66
       Flail             |       |       |     4 |    32 |       ||    36
 Cast: Magic Dart        |    90 |   132 |   271 |   291 |     5 ||   789
       Fulminant Prism   |       |     6 |     6 |    25 |     3 ||    40
       Searing Ray       |       |     4 |       |     6 |       ||    10
       Iskenderun's Myst |       |       |    39 |   245 |     5 ||   289
       Iskenderun's Batt |       |       |     6 |    22 |       ||    28
       Conjure Flame     |       |       |       |    15 |       ||    15
       Bolt of Fire      |       |       |       |     6 |     3 ||     9
       Inner Flame       |       |       |       |     1 |       ||     1
 Abil: Evoke Blink       |       |       |       |     1 |       ||     1
  Use: Scroll            |     7 |     9 |     7 |    11 |       ||    34
       Potion            |     4 |     4 |       |     1 |       ||     9
 Stab: Sleeping          |     1 |       |       |       |       ||     1
  Eat: Chunk             |     3 |    11 |    13 |    46 |       ||    73
       Fruit             |       |       |     4 |     1 |       ||     5
       Royal jelly       |       |       |     1 |       |       ||     1
       Beef jerky        |       |       |     2 |       |       ||     2
       Meat ration       |       |       |     1 |       |       ||     1
       Pizza             |       |       |       |     1 |       ||     1
